 Dungeon Crawl Stone Soup version 0.21.1-1-g345015fe64 (webtiles) character file.

280 BrokenGlass the Ruffian (level 6, -17/42 HPs)
             Began as an Octopode Fighter on Feb 18, 2018.
             Was an Initiate of Ru.
             Demolished by a shadow (22 damage)
             ... on level 6 of the Dungeon.
             The game lasted 00:03:06 (3844 turns).

BrokenGlass the Ruffian (Octopode Fighter)          Turns: 3844, Time: 00:03:06

Health: -17/42     AC:  1    Str: 18    XL:     6   Next: 27%
Magic:  6/6        EV: 14    Int: 10    God:    Ru [......]
Gold:   140        SH:  0    Dex: 11    Spells: 5/5 levels left

rFire    . . .     SeeInvis .     - Unarmed
rCold    . . .     Gourm    .   (no shield)
rNeg     . . .     Faith    .   (helmet restricted)
rPois    .         Spirit   .   (no amulet)
rElec    .         Reflect  .   (no ring)
rCorr    .         Harm     .   (no ring)
MR       .....                  (no ring)
Stlth    ++........             (no ring)
HPRegen  0.14/turn              (no ring)
MPRegen  0.10/turn              (no ring)
                                (no ring)
                                (no ring)

@: no status effects
A: almost no armour, stealthy swim, amphibious, 8 rings, constrict 8, camouflage
1, gelatinous body 1
a: Renounce Religion


You were on level 6 of the Dungeon.
You worshipped Ru.
Ru was noncommittal.
You were not hungry.

You visited 1 branch of the dungeon, and saw 5 of its levels.

You collected 140 gold pieces.

Inventory:

Armour
 a - a +0 shield
Jewellery
 m - a cursed ring of teleportation {unknown}
Scrolls
 b - a scroll of blinking {unknown}
 d - 9 scrolls of identify {unknown}
 e - a scroll of fog {unknown}
 f - 3 scrolls of teleportation {unknown}
 g - a scroll of noise {unknown}
 h - a scroll of amnesia {unknown}
 i - 2 scrolls of remove curse {unknown}
 l - 2 scrolls of magic mapping {unknown}
 n - 2 scrolls of enchant weapon {unknown}
Potions
 j - a potion of invisibility {unknown}
 k - a potion of curing {unknown}
Comestibles
 c - 5 rations


   Skills:
 - Level 3.0 Fighting
 - Level 3.0 Dodging
 - Level 3.0 Shields
 + Level 6.4 Unarmed Combat


You had 5 spell levels left.
You didn't know any spells.

Dungeon Overview and Level Annotations

Branches:
Dungeon (4/15)
 Temple: D:4-7

Altars:
Gozag
Hepliaklqana
Makhleb
Ru
Zin


Innate Abilities, Weirdness & Mutations

You cannot wear most types of armour.
You are very stealthy in the water. (Stealth+)
You are amphibious.
You can wear up to eight rings at the same time.
You can use your tentacles to constrict eight enemies at once.
Your skin changes colour to match your surroundings (Stealth+).
Your rubbery body absorbs attacks. (AC +1, EV +1)


Message History

There are monsters nearby!
There are monsters nearby!
Unknown command.
The shadow slips into darkness.
The shadow flickers and vanishes!
Deactivating autopickup; reactivate with Ctrl-A.
The shadow strikes at you from the darkness!
Ouch! That really hurt!
* * * LOW HITPOINT WARNING * * *
Reactivating autopickup.
Found 12 gold pieces.
The shadow slips into darkness.
The shadow flickers and vanishes!
Deactivating autopickup; reactivate with Ctrl-A.
A centaur skeleton comes into view.
The worker ant twitches its antennae in your direction.
There is a stone staircase leading down here.
The shadow strikes at you from the darkness!
Ouch! That really hurt!
You die...

.#.....# ....#
.......# ##$... ##
#.....########....
.## ####...........##
...#
#............###...
#.....##.........#
#.....##.#.♣...♣.##.#
#.....##........?.Z.#
##.....##.♣...@a..♣.
#.....####.........#
#.##...####.♣...♣.##
## #....##.......##
.....#.......#####
###..##......# ##.
##.....# #. #....##
## .....#


You could see a worker ant and a centaur skeleton.

Vanquished Creatures
  A phantom (D:3)
  Natasha (D:4)
  A howler monkey zombie (D:6)
  7 adders
  2 oozes (D:1)
  An adder zombie (D:6)
  2 worms
  2 dart slugs (D:3)
  4 leopard geckos
  4 giant cockroaches
  7 goblins
  5 hobgoblins
  7 jackals
  A quokka (D:3)
  8 bats
  9 frilled lizards
  11 kobolds
  7 rats
80 creatures vanquished.

Notes
Turn   | Place    | Note
-------+----------+-------------------------------------------
     0 | D:1      | BrokenGlass the Octopode Fighter began the quest for the Orb.
     0 | D:1      | Reached XP level 1. HP: 16/16 MP: 1/1
    71 | D:1      | Reached XP level 2. HP: 9/21 MP: 2/2
    79 | D:1      | HP: 1/21 [kobold (4)]
   417 | D:1      | Reached skill level 3 in Unarmed Combat
   430 | D:1      | You fall through a shaft!
   646 | D:2      | Reached XP level 3. HP: 22/26 MP: 3/3
   712 | D:2      | Found a sacrificial altar of Ru.
   736 | D:2      | Became a worshipper of Ru the Awakened
  1360 | D:2      | Found a sacrificial altar of Ru.
  1387 | D:2      | Reached skill level 4 in Unarmed Combat
  1536 | D:1      | Reached XP level 4. HP: 26/31 MP: 4/4
  2836 | D:3      | Noticed a phantom
  2885 | D:3      | Killed a phantom
  2885 | D:3      | Reached skill level 5 in Unarmed Combat
  2885 | D:3      | Reached XP level 5. HP: 28/36 MP: 5/5
  3116 | D:3      | Found a hazy altar of Hepliaklqana.
  3155 | D:3      | Found a burning altar of Makhleb.
  3188 | D:3      | Found a glowing silver altar of Zin.
  3188 | D:3      | Found an opulent altar of Gozag.
  3563 | D:3      | Reached skill level 6 in Unarmed Combat
  3675 | D:4      | Reached XP level 6. HP: 35/42 MP: 6/6
  3726 | D:4      | Noticed Natasha
  3757 | D:4      | Killed Natasha
  3793 | D:4      | You fall through a shaft for 2 floors!
  3819 | D:6      | Noticed a shadow
  3829 | D:6      | HP: 2/42 [something (26)]
  3844 | D:6      | Demolished by a shadow

Skill      XL: |  1  2  3  4  5 |
---------------+----------------+-----
Unarmed Combat | 3 4 5 6 |  6.4
Fighting       | |  3.0
Dodging        | |  3.0
Shields        | |  3.0

Action                   |  1- 3 |  4- 6 || total
-------------------------+-------+-------++-------
Melee: Unarmed           |    79 |   100 ||   179
       Tentacles         |    14 |    14 ||    28
       Constrict         |    20 |    25 ||    45
       Punch             |     1 |     1 ||     2
Invok: Reject Sacrifices |       |     1 ||     1
  Use: Potion            |       |     2 ||     2
 Stab: Sleeping          |     2 |     8 ||    10
  Eat: Chunk             |       |     9 ||     9
Armor: Skin              |     2 |    17 ||    19
Dodge: Dodged            |    52 |    76 ||   128
